 Dungeon Crawl Stone Soup version 0.30.0-17-ge0270778cf (webtiles) character file.

Game seed: 18072367692978362395

1133 RascalDebosk the Magician (level 8, -7/59 HPs)
             Began as a Djinni Conjurer on May 21, 2023.
             Killed by miscasting Iskenderun's Mystic Blast (12 damage)
             ... on level 6 of the Dungeon.
             The game lasted 00:19:46 (4740 turns).

RascalDebosk the Magician (Djinni Conjurer)         Turns: 4740, Time: 00:19:47

Health: -7/59      AC: -4    Str:  6    XL:     8   Next: 62%
Gold:   44         EV: 27    Int: 22    God:
                   SH:  0    Dex: 12

rFire   + + .        p - +0 short sword
rCold   x . .        (no shield)
rNeg    . . .        a - +0 robe
rPois   ∞            q - +0 helmet
rElec   .            (no cloak)
rCorr   .            v - +0 pair of gloves
SInv    .            (boots unavailable)
Will    +....        e - amulet of the acrobat
Stlth   ++           j - ring of willpower
HPRegen 0.29/turn    (no ring)
MPRegen 0.00/turn

%: acrobat, infuse magic (-8 HP)
@: corroded, acrobatic, flying, very slightly contaminated
A: sickness immunity, fire resistance 2, cold vulnerability 1, float, innate
caster, HP casting, extra vitality 1
a: no special abilities


You were on level 6 of the Dungeon.
You visited 2 branches of the dungeon, and saw 7 of its levels.

You collected 208 gold pieces.
You spent 164 gold pieces at shops.

Inventory:

Hand Weapons
 p - a +0 short sword (weapon)
 s - a +0 dagger
Missiles
 u - a throwing net {@!f}
Armour
 a - a +0 robe (worn)
 q - a +0 helmet (worn)
 v - a +0 pair of gloves (worn)
 C - an orb of guile
Jewellery
 e - an amulet of the acrobat (around neck)
 j - a ring of willpower (left hand)
Wands
 x - a wand of polymorph (17)
Scrolls
 d - 3 scrolls of identify {unknown}
 f - a scroll of immolation {unknown}
 g - a scroll of blinking
 h - a scroll of silence {unknown}
 k - 2 scrolls of noise {unknown}
 l - a scroll of teleportation {unknown}
 r - 4 scrolls of fear {unknown}
 w - 2 scrolls of enchant weapon
 y - 3 scrolls of poison {unknown}
 z - a scroll of enchant armour {unknown}
 B - 2 scrolls of fog {unknown}
 D - a scroll of magic mapping {unknown}
Potions
 b - a potion of degeneration {unknown}
 c - 4 potions of curing {unknown}
 i - 2 potions of heal wounds {unknown}
 m - a potion of might {unknown}
 n - a potion of attraction {unknown}
 o - a potion of ambrosia {unknown}
 t - a potion of flight {unknown}
 A - a potion of lignification {unknown}
 E - 2 potions of cancellation {unknown}


   Skills:
 * Level 5.2 Fighting
 - Level 2.1 Dodging
 - Level 1.5 Stealth
 * Level 6.2 Spellcasting
 + Level 3.8 Evocations


You knew the following spells:

 Your Spells              Type           Power      Damage    Failure   Level
a - Magic Dart            Conj           100%       1d8       1%          1
b - Searing Ray           Conj           68%        2d6       1%          2
c - Dazzling Flash        Conj/Hex       68%        N/A       1%          3
d - Fulminant Prism       Conj/Hex       17%        3d10      7%          4
e - Iskenderun's Mystic   Conj/Tloc      34%        2d8       7%          4
f - Kiss of Death         Conj/Necr      100%       2d13      1%          1
g - Momentum Strike       Conj/Tloc      68%        3d9       1%          2
h - Portal Projectile     Hex/Tloc       68%        N/A       1%          3
Your spell library was empty.

Dungeon Overview and Level Annotations

Branches:
Dungeon (6/15)             Temple (1/1) D:5

Altars:
Cheibriados
Dithmenos
Elyvilon
Gozag
Hepliaklqana
Nemelex Xobeh
Okawaru
Qazlal
Ru
Trog
Uskayaw
Wu Jian
Yredelemnul
Zin
The Shining One

Shops:
D:5 ?


Innate Abilities, Weirdness & Mutations

You are immune to sickness and miasma.
You are immune to poison.
Your flesh is very heat resistant. (rF++)
You are vulnerable to cold. (rC-)
You float through the air rather than walking.
You learn spells naturally, not from books.
Your magical power is your life essence.
You have superior vitality. (+4 MHP)


Message History

You now have 44 gold pieces (gained 15).
You reach down and open the door.
An iguana and a jelly come into view.
Casting: Fulminant Prism (dangerous; 8% risk of failure)
Confirm with . or Enter, or press ? or * to list all spells.
You erupt in a blast of force!
The mystic blast hits the jelly!
The jelly is heavily wounded.
The jelly is knocked back by the mystic blast.
The jelly slams into the rock wall!
The jelly is severely wounded.
The iguana hisses angrily.
Casting: Iskenderun's Mystic Blast (dangerous; 8% risk of failure)
Confirm with . or Enter, or press ? or * to list all spells.
You miscast Iskenderun's Mystic Blast.
You are very lightly contaminated with residual magic.
Nothing appears to happen.
Casting: Iskenderun's Mystic Blast (dangerous; 8% risk of failure)
Confirm with . or Enter, or press ? or * to list all spells.
You erupt in a blast of force!
The mystic blast hits the jelly.
You kill the jelly!
The mystic blast hits the iguana.
The iguana is lightly wounded.
The iguana is knocked back by the mystic blast.
The iguana slams into the rock wall!
The iguana is heavily wounded.
Casting: Iskenderun's Mystic Blast (dangerous; 7% risk of failure)
Confirm with . or Enter, or press ? or * to list all spells.
You erupt in a blast of force!
The mystic blast hits the iguana!
The iguana is almost dead.
The iguana is knocked back by the mystic blast.
The iguana slams into the rock wall!
The iguana is almost dead.
There is an open door here.
You hit the iguana.
You kill the iguana!
Casting: Iskenderun's Mystic Blast (dangerous; 7% risk of failure)
Confirm with . or Enter, or press ? or * to list all spells.
You can't see any susceptible monsters within range! (Use Z to cast anyway.)
Your magical contamination has completely faded away.
You hear the slow hiss of an avalanche of sand very nearby.
HP restored.
There is an open door here.
A jelly comes into view.
Found a scroll labelled JUCOAMU TIZXAEWK.
The jelly hits you but does no damage.
You hit the jelly.
Your hands burn!
The jelly is lightly wounded.
The jelly hits you but does no damage.
You hit the jelly.
Your hands burn!
The jelly is moderately wounded.
The jelly hits you but does no damage.
You barely miss the jelly. You punch the jelly, but do no damage.
The jelly is moderately wounded.
The jelly barely misses you.
You hit the jelly. The acid corrodes you!
Your hands burn!
The jelly is heavily wounded.
The jelly hits you. The acid corrodes you!
You are splashed with acid!
You barely miss the jelly.
The jelly is heavily wounded.
The jelly hits you.
You are splashed with acid!
You hit the jelly.
Your hands burn!
The jelly is severely wounded.
The jelly barely misses you.
You hit the jelly but do no damage.
Your hands burn!
The jelly is severely wounded.
The jelly closely misses you.
You hit the jelly.
Your hands burn!
* * * LOW HITPOINT WARNING * * *
The jelly is almost dead.
The jelly barely misses you.
You hit the jelly but do no damage.
Your hands burn!
* * * LOW HITPOINT WARNING * * *
The jelly is almost dead.
You hear the slow hiss of an avalanche of sand.
The jelly closely misses you.
You hit the jelly but do no damage.
Your hands burn!
* * * LOW HITPOINT WARNING * * *
The jelly is almost dead.
The jelly hits you.
* * * LOW HITPOINT WARNING * * *
You are splashed with acid!
* * * LOW HITPOINT WARNING * * *
Casting: Iskenderun's Mystic Blast (dangerous; 7% risk of failure)
Confirm with . or Enter, or press ? or * to list all spells.
You erupt in a blast of force!
The mystic blast hits the jelly!
You kill the jelly!
* * * LOW HITPOINT WARNING * * *
You hear an angry hiss.
You start resting.
A water moccasin is nearby!
Found a glowing emerald potion.
The gnoll bouda shouts!
You hear a shout! x2
The gnoll bouda barks out a call to the hunt!
The gnoll shouts!
Casting: Iskenderun's Mystic Blast (dangerous; 7% risk of failure)
Confirm with . or Enter, or press ? or * to list all spells.
You miscast Iskenderun's Mystic Blast.
You are very lightly contaminated with residual magic.
You are blasted with magical energy!
You die...

#..## #...... #......#
#..# #...... #......+
##.# #...... #......#
##..###...... ##......#
##............
........###..#####......
........##..## #......
........#..## #......
#?@S.## #######
####...g... #........
#.....g.. !.........
########.g #g# #*g #g##


You could see a water moccasin, a gnoll bouda and a gnoll (swift).

Vanquished Creatures
  Grinder (D:3)
  A black bear (D:5)
  An ice beast (D:5)
  2 ogres (D:5)
  A bullfrog (D:4)
  A scorpion (D:5)
  A howler monkey (D:4)
  A hound (D:2)
  4 jellies
  An orc priest (D:5)
  Natasha (thrice) (D:2)
  A sleepcap (D:5)
  An iguana (D:6)
  Robin (D:3)
  3 adders
  A white imp (D:6)
  5 orcs
  5 endoplasms
  2 giant cockroaches
  12 goblins
  8 hobgoblins
  2 jackals (D:3)
  6 kobolds
  2 quokkas
  4 ball pythons (D:1)
  4 bats
  5 frilled lizards
  6 rats
85 creatures vanquished.

Vanquished Creatures (others)
  10 fulminant prisms
10 creatures vanquished.

Grand Total: 95 creatures vanquished

Notes
Turn   | Place    | Note
-------+----------+-------------------------------------------
     0 | D:1      | RascalDebosk the Djinni Conjurer began the quest for the
                  | Orb.
     0 | D:1      | RascalDebosk set off with the following spells memorised:
                  | Magic Dart, Searing Ray, Dazzling Flash, Fulminant Prism,
                  | Iskenderun's Mystic Blast.
     0 | D:1      | Reached XP level 1. HP: 15/15 MP: 0/0
    99 | D:1      | Reached XP level 2. HP: 19/21 MP: 0/0
   559 | D:1      | Reached XP level 3. HP: 22/25 MP: 0/0
   559 | D:1      | Learned a level 1 spell: Kiss of Death
   923 | D:2      | Reached skill level 4 in Spellcasting
   923 | D:2      | Reached XP level 4. HP: 23/31 MP: 0/0
  1275 | D:2      | Noticed Natasha
  1285 | D:2      | Killed Natasha
  1286 | D:2      | Reached skill level 1 in Evocations
  1413 | D:2      | Noticed Natasha
  1416 | D:2      | Killed Natasha
  1417 | D:2      | Reached XP level 5. HP: 18/36 MP: 0/0
  1417 | D:2      | Learned a level 2 spell: Momentum Strike
  1527 | D:2      | Noticed Natasha
  1531 | D:2      | Killed Natasha
  1532 | D:2      | Reached skill level 1 in Fighting
  2310 | D:3      | Noticed Grinder
  2320 | D:3      | Killed Grinder
  2321 | D:3      | Reached skill level 5 in Spellcasting
  2321 | D:3      | Reached XP level 6. HP: 22/45 MP: 0/0
  2321 | D:3      | Reached XP level 7. HP: 24/49 MP: 0/0
  2321 | D:3      | Learned a level 3 spell: Portal Projectile
  2438 | D:3      | Noticed Robin
  2445 | D:3      | Killed Robin
  3455 | D:5      | Entered Level 5 of the Dungeon
  3563 | D:5      | Reached XP level 8. HP: 22/58 MP: 0/0
  3957 | D:5      | Found a staircase to the Ecumenical Temple.
  3988 | Temple   | Entered the Ecumenical Temple
  4200 | D:5      | Reached skill level 6 in Spellcasting
  4319 | D:5      | Found Jedisua's Magic Scroll Emporium.
  4322 | D:5      | Bought a scroll of enchant weapon for 82 gold pieces
  4322 | D:5      | Bought a scroll of blinking for 82 gold pieces
  4388 | D:5      | Reached skill level 5 in Fighting
  4740 | D:6      | Killed by miscasting Iskenderun's Mystic Blast

Illustrated notes

Levels and vault maps discovered:
D:1:      wander_arrival_lonely_grave, layout_loops_ring
D:2:      layout_loops_ring, uniq_natasha
D:3:      layout_loops_corners, minmay_misc_feat_enclosed, patterned_corridor,
          uniq_robin, uniq_grinder
D:4:      layout_basic
D:5:      layout_loops_cross, minmay_temple_entry_tees, serial_shops,
          nicolae_shop_rolled_up
D:6:      lemuel_castle_with_subvaults [lemuel_castle_interior_carwin_3],
          layout_basic, gup_ossuary_entry_pyramid, nicolae_nh_ransacked_shop
Temple:   nicolae_temple_no_exploring_needed

Skill      XL: |  1  2  3  4  5  6  7  8 |
---------------+-------------------------+-----
Spellcasting   | 4 5 6 |  6.2
Evocations     | 1 2 3 |  3.8
Fighting       | 2 4 5 |  5.2
Dodging        | |  2.1
Stealth        | |  1.5

Action                     |  1- 3 |  4- 6 |  7- 9 || total
---------------------------+-------+-------+-------++-------
  Melee: Unarmed           |       |     1 |       ||     1
         Short sword       |       |       |    12 ||    12
         Punch             |       |       |     1 ||     1
   Cast: Magic Dart        |    39 |    53 |    40 ||   132
         Searing Ray       |       |     4 |     8 ||    12
         Fulminant Prism   |       |     3 |     8 ||    11
         Iskenderun's Myst |       |     2 |    16 ||    18
         Momentum Strike   |       |       |     1 ||     1
   Stab: Sleeping          |       |     1 |       ||     1
 Armour: Robe              |       |     1 |     5 ||     6
  Dodge: Dodged            |       |     7 |     7 ||    14
